 Dungeon Crawl Stone Soup version 0.19.0-19-g8c6edcc (webtiles) character file.

105 bombpersons the Skirmisher (level 4, -17/32 HPs)
             Began as an Octopode Wanderer on Nov 16, 2016.
             Was an Initiate of Fedhas.
             Demolished by an ogre
             ... wielding a cursed -3 giant spiked club
              (24 damage)
             ... on level 3 of the Dungeon.
             The game lasted 00:19:12 (2442 turns).

bombpersons the Skirmisher (Octopode Wanderer)      Turns: 2442, Time: 00:19:12

Health: -17/32     AC:  1    Str:  9    XL:     4   Next: 81%
Magic:  5/5        EV: 12    Int: 14    God:    Fedhas [......]
Gold:   145        SH:  0    Dex: 14    Spells: 0 memorised, 4 levels left

rFire  . . .     SeeInvis .     b - +0 shortbow
rCold  . . .     Gourm    .     (shield currently unavailable)
rNeg   + . .     Faith    .     (helmet restricted)
rPois  .         Spirit   .     r - amulet of regeneration
rElec  .         Reflect  .     e - ring of stealth
rCorr  .         Harm     .     h - ring of positive energy
MR     .....                    (no ring)
Stlth  ++++......               (no ring)
                                (no ring)
                                (no ring)
                                (no ring)
                                (no ring)

@: no status effects
A: almost no armour, stealthy swim, amphibious, 8 rings, constrict 8, camouflage
1, gelatinous body 1
a: Fungal Bloom, Renounce Religion


You were on level 3 of the Dungeon.
You worshipped Fedhas.
Fedhas was noncommittal.
You were full.

You visited 1 branch of the dungeon, and saw 3 of its levels.

You collected 145 gold pieces.

Inventory:

Hand Weapons
 a - a +2 mace
 b - a +0 shortbow (weapon)
Missiles
 c - 57 arrows (quivered)
Jewellery
 e - a ring of stealth (left tentacle)
 h - a ring of positive energy (right tentacle)
 r - an amulet of regeneration (around mantle)
 s - a cursed ring of teleportation {unknown}
Scrolls
 i - a scroll of enchant weapon {unknown}
 k - a scroll of amnesia {unknown}
 n - 2 scrolls of remove curse {unknown}
 p - a scroll of noise {unknown}
Potions
 d - a potion of lignification
 f - a potion of magic {unknown}
 g - 2 potions of cancellation
 j - a potion of flight {unknown}
 l - a potion of degeneration {unknown}
 m - a potion of cure mutation {unknown}
 q - a potion of mutation {unknown}
Comestibles
 o - a beef jerky
 t - a bread ration


   Skills:
 * Level 3.6 Fighting
 + Level 2.4 Maces & Flails
 * Level 2.3 Bows
 - Level 1.0 Throwing
 + Level 2.4 Stealth
   Level 1.0 Shields
 + Level 0.8 Spellcasting
   Level 2.0 Conjurations
   Level 1.2 Poison Magic


You had 4 spell levels left.
You didn't know any spells.

Dungeon Overview and Level Annotations

Branches:
Dungeon (3/15)

Altars:
Fedhas
Xom
Yredelemnul


Innate Abilities, Weirdness & Mutations

You cannot wear most types of armour.
You are very stealthy in the water. (Stealth+)
You are amphibious.
You can wear up to eight rings at the same time.
You can use your tentacles to constrict eight enemies at once.
Your skin changes colour to match your surroundings (Stealth+).
Your rubbery body absorbs attacks. (AC +1, EV +1)


Message History

The ogre hits you with a giant spiked club!!
Ouch! That really hurt!
* * * LOW HITPOINT WARNING * * *
An orc comes into view. It is wielding a club.
The orc shouts!
Firing (i - inventory):
c - 59 arrows (quivered)
Press: ? - help, Shift-Dir - straight line, f/p - ogre
Aim: an ogre, wielding a giant spiked club (heavily wounded)
You shoot an arrow. The arrow hits the ogre.
The ogre is severely wounded.
The ogre misses you.
Firing (i - inventory):
c - 58 arrows (quivered)
Press: ? - help, Shift-Dir - straight line, f/p - ogre
Aim: an ogre, wielding a giant spiked club (severely wounded)
You shoot an arrow. The arrow hits the ogre.
The ogre is almost dead.
The ogre hits you with a giant spiked club!!
Ouch! That really hurt!
You die...
Fedhas appreciates your contribution to the ecosystem.

## #. #. #. ######### #.
.######## #.......# #.
........###.#####.#####.
.......@..............+.
.######O###.#####.####..
#.....w..#.# #.# #...
#.####(.##.. #.###PPP
#.((..####.###......♣
...(....................
##.##....♣♣♣♣♣...####...
o. ..#.♣♣ ♣♣#<.. ...#
#..#.♣ ♣...##.##


You could see an ogre and a dart slug.

Vanquished Creatures
  3 gnolls (D:3)
  3 adders (D:2)
  A worm (D:2)
  2 dart slugs
  2 leopard geckos
  An orc (D:3)
  3 giant cockroaches
  4 goblins
  6 hobgoblins
  5 kobolds
  3 ball pythons
  5 bats
  3 frilled lizards
41 creatures vanquished.

Vanquished Creatures (others)
  3 toadstools (D:3)
3 creatures vanquished.

Grand Total: 44 creatures vanquished

Notes
Turn   | Place    | Note
-------+----------+-------------------------------------------
     0 | D:1      | bombpersons the Octopode Wanderer began the quest for the Orb.
     0 | D:1      | bombpersons set off with: a +2 mace, a +0 shortbow, 22 arrows, a potion of lignification, a bread ration
     0 | D:1      | Reached XP level 1. HP: 16/16 MP: 1/1
   445 | D:1      | Reached XP level 2. HP: 17/21 MP: 2/2
   618 | D:1      | Reached skill level 1 in Bows
   703 | D:1      | Reached skill level 1 in Stealth
  1153 | D:2      | Reached XP level 3. HP: 26/26 MP: 3/3
  1444 | D:2      | Found a shimmering altar of Xom.
  1444 | D:2      | Found a basalt altar of Yredelemnul.
  1593 | D:2      | Reached XP level 4. HP: 31/31 MP: 3/5
  1949 | D:3      | Found a blossoming altar of Fedhas.
  2001 | D:3      | Became a worshipper of Fedhas Madash
  2434 | D:3      | Noticed an ogre
  2442 | D:3      | Demolished by an ogre

Skill      XL: |  1  2  3  4 |
---------------+-------------+-----
Bows           | 1 2 |  2.3
Stealth        | 1 2 |  2.4
Fighting       | |  3.6
Maces & Flails | |  2.4
Throwing       | |  1.0
Shields        | |  1.0
Spellcasting   | |  0.8
Conjurations   | |  2.0
Poison Magic   | |  1.2

Action                   |  1- 3 |  4- 6 || total
-------------------------+-------+-------++-------
Melee: Mace              |    10 |    16 ||    26
       Constrict         |     3 |     6 ||     9
       Tentacles         |     2 |     3 ||     5
 Fire: Shortbow          |    63 |    21 ||    84
Invok: Fungal Bloom      |       |     4 ||     4
  Use: Scroll            |     2 |       ||     2
  Eat: Meat ration       |       |     1 ||     1
       Bread ration      |       |     1 ||     1
Armor: Skin              |     4 |     4 ||     8
Dodge: Dodged            |    18 |    12 ||    30
